Cogmind - Beta 12 @@@ ROGUE MODE // 2023.04.03 @ 12:01:55 Player: Exp. Geonium Core Result: Destroyed by Y-54 Guardian with Flak Gun Performance ------------- Evolutions (3) 1500 Regions Visited (9) 1800 Robots Destroyed (155) 775 Value Destroyed (4194) 4194 Prototype IDs (27) 540 Alien Tech Used (0) 0 Bonus (520) 520 TOTAL SCORE: 9329 Bonus ------- High Alert Combat Kills 243 Follower Combat Kills 175 Aligned with FarCom 300 Friendly Fire -198 Cogmind --------- Core Integrity 0/700 Matter 294/300 Energy 150/150 System Corruption 6% Temperature Cool (0) Movement Treading (240) Ox1 Location -7/Storage Parts ------- > --- POWER (1) -------- Micro Nuclear Core > --- PROPULSION (5) --- Light Treads Light Treads Light Treads Aluminum Leg Aluminum Leg > --- UTILITY (4) ------ Huge Storage Unit Machine Analyzer Improved Signal Interpreter Improved Light Armor Plating > --- WEAPON (3) ------- Shock Rifle High-powered Field Laser Improved Assault Rifle > --- INVENTORY (25) --- Light Nuclear Core Flying Fortress v7 Structural Scanner Trap Scanner Improved Sensor Array Improved Light Armor Plating Improved Trap Extractor (2/6 Blade) Trap Reconfigurator High-powered Field Laser Mini Grenade Launcher Field Lobotomy Kit (2) Shock Trap Shock Trap Shock Trap Peak State ------------ > --- POWER ------------ Micro Nuclear Core > --- PROPULSION ------- Light Treads Flying Fortress v7 > --- UTILITY ---------- Improved Heat Sink Huge Storage Unit Improved Signal Interpreter Improved Light Armor Plating > --- WEAPON ----------- Improved Assault Rifle Improved Assault Rifle Improved Assault Rifle > --- INVENTORY -------- Light Nuclear Core Micro Nuclear Core Light Treads Light Treads Compact Wheel Structural Scanner Trap Scanner Machine Analyzer Improved Sensor Array Improved Trap Extractor Trap Reconfigurator Shock Rifle Shock Rifle High-powered Field Laser High-powered Field Laser Improved Assault Rifle Improved Assault Rifle Improved Assault Rifle Mini Grenade Launcher Mini Grenade Launcher Field Lobotomy Kit Shock Trap Shock Trap Shock Trap [Rating: 63] Favorites ----------- Power Cooled Ion Engine Engine Cooled Ion Engine Power Core Micro Nuclear Core Propulsion Light Treads Treads Light Treads Leg Aluminum Leg Wheel Wheel Flight Unit Flying Fortress v7 Utility Targeting Computer Device Structural Scanner Storage Huge Storage Unit Processor Targeting Computer Hackware Hacking Suite Protection Improved Medium Armor Plating Weapon Autogun Energy Gun EM Shotgun Energy Cannon Advanced Beam Cannon Ballistic Gun Autogun Launcher Mini Grenade Launcher Special Weapon Plasma Cutter Impact Weapon Heavy Hammer Slashing Weapon Greatsword Build | -11 -10 -10 -9 -9 -9 -8 -8 -7 -7 ------- Run | Jun Mat Min Mat Min Exi Min Mat Fac Sto Slots Evolved 6 | . . . 2 . . . 2 2 . Power . | . . . . . . . . . . Propulsion 3 | . . . 1 . . . . 2 . Utility 2 | . . . . . . . 2 . . Weapon 1 | . . . 1 . . . . . . Parts Attached 137 | . 17 1 18 1 5 . 22 40 33 Power 8 | . 2 . 2 . . . . 3 1 Engine 5 | . 2 . 1 . . . . 2 . Core 3 | . . . 1 . . . . 1 1 Reactor . | . . . . . . . . . . Propulsion 42 | . 3 . 11 . 2 . 7 7 12 Treads 32 | . 2 . 10 . 2 . 7 5 6 Leg 5 | . 1 . 1 . . . . . 3 Wheel 2 | . . . . . . . . . 2 Hover . | . . . . . . . . . . Flight 3 | . . . . . . . . 2 1 Utility 34 | . 3 1 1 . 1 . 5 15 8 Device 18 | . 1 1 . . . . 3 9 4 Storage 3 | . 1 . . . 1 . . 1 . Processor 3 | . . . 1 . . . . 1 1 Hackware 1 | . . . . . . . . 1 . Protection 9 | . 1 . . . . . 2 3 3 Artifact . | . . . . . . . . . . Weapon 53 | . 9 . 4 1 2 . 10 15 12 Energy Gun 14 | . 1 . . . . . 1 9 3 Energy Cannon 2 | . 2 . . . . . . . . Ballistic Gun 22 | . 4 . 3 1 . . 5 2 7 Ballistic Cannon . | . . . . . . . . . . Launcher 7 | . 2 . 1 . . . 2 1 1 Special Weapon 4 | . . . . . 1 . 1 1 1 Impact Weapon 2 | . . . . . 1 . . 1 . Slashing Weapon 2 | . . . . . . . 1 1 . Piercing Weapon . | . . . . . . . . . . Special Melee Weapon . | . . . . . . . . . . Unidentified Prototypes 4 | . 1 . 1 . . . . . 2 Corrupted Parts 1 | . . . . . . . . . 1 System Corruption 2 | . . . . . . . . . 2 Parts Lost 37 | . 3 . 1 . . . 1 15 17 Power 3 | . 1 . . . . . . 1 1 Propulsion 12 | . 1 . . . . . . 4 7 Utility 2 | . . . . . . . . 1 1 Weapon 20 | . 1 . 1 . . . 1 9 8 Highest Loss Streak 10 | . 3 . 1 . . . 1 10 10 To Critical Strikes . | . . . . . . . . . . Average Slot Usage (%) 91 | . 91 100 98 100 83 88 98 78 80 Engine 8 | . 13 14 7 11 11 11 9 4 . Core 1 | . . . 3 . . . . 1 6 Treads 23 | . 8 28 30 33 33 33 27 21 14 Leg 3 | . 19 . . . . . . . 4 Device 6 | . 4 14 2 . . . 10 6 6 Storage 10 | . 14 14 11 11 11 11 9 6 7 Processor 7 | . . . 8 11 11 11 9 10 10 Protection 2 | . 3 . . . . . 7 2 3 Energy Gun 3 | . 8 . . . . . 1 9 2 Ballistic Gun 17 | . 10 28 31 33 1 . 17 4 13 Launcher 1 | . 5 . 1 . . . 2 . . Special Weapon 1 | . . . . . 5 11 2 . . Naked Turns . | . . . . . . . . . . Heaviest Build 105 | 14 58 52 57 57 99 99 105 104 101 Greatest Support 82 | 20 40 40 63 63 63 63 65 82 60 Greatest Overweight (x) 9 | . 5 1 1 . 1 1 1 2 9 Average Overweight (x) . | . 1 1 . . . 1 1 1 2 Largest Inventory Capacity 25 | . 20 20 20 20 25 25 25 25 25 Average Capacity 22 | . 19 20 20 20 24 25 25 24 25 Most Carried 25 | . 20 20 20 20 25 25 25 25 25 Average Carried 21 | . 14 19 19 20 24 25 24 20 22 Final Capacity 25 | 8 20 20 20 20 25 25 25 25 25 Final Carried 25 | 6 20 20 20 20 25 25 25 23 17 Class Distribution -------------------- 41% | Mutant 18% | Gunner 14% | Skirmisher 13% | Scavenger-Mutant 4% | Scavenger-Gunner 3% | Tank Dominant Class ---------------- Mutant | -10/Materials Mutant | -10/Mines Gunner | -9/Materials Gunner | -9/Mines Mutant | -9/Exiles Mutant | -8/Mines Skirmisher | -8/Materials Scavenger-Mutant | -7/Factory Scavenger-Mutant | -7/Storage Resources | -11 -10 -10 -9 -9 -9 -8 -8 -7 -7 ----------- Run | Jun Mat Min Mat Min Exi Min Mat Fac Sto Matter Collected 3942 | 200 489 84 884 102 . . 814 537 832 Remotely . | . . . . . . . . . . Salvage Created 5321 | . 664 136 1286 122 . . 833 820 1460 Parts 327 | . 48 9 93 20 . . 60 29 68 Haulers Intercepted 9 | . 1 . 3 . . . 4 . 1 Recyclers Shooed 4 | . 2 . 1 . . . 1 . . Parts Field Recycled . | . . . . . . . . . . Retrieved Matter . | . . . . . . . . . . Parts Self-Destructed . | . . . . . . . . . . Prevented . | . . . . . . . . . . Kills | -11 -10 -10 -9 -9 -9 -8 -8 -7 -7 ------- Run | Jun Mat Min Mat Min Exi Min Mat Fac Sto Combat Hostiles Destroyed 107 | . 15 5 27 7 . . 19 11 23 Melee 2 | . . . . . . . 2 . . Guns 75 | . 6 5 27 7 . . 6 6 18 Cannons 1 | . . . . . . . 1 . . AOE 28 | . 9 . . . . . 10 4 5 Classes Destroyed 15 | . 7 . 4 . . . 2 2 . Worker 4 | . 1 . 1 . . . . . 2 Builder 8 | . 3 . . . . . 3 1 1 Tunneler 2 | . . . 1 1 . . . . . Hauler 9 | . 1 . 3 . . . 4 . 1 Recycler 12 | . 2 . 1 . . . 1 5 3 Mechanic 1 | . . . 1 . . . . . . Operator 2 | . . . 1 . . . . . 1 Watcher 9 | . 2 . 2 . . . 5 . . Swarmer 32 | . 6 3 10 7 . . 6 . . Grunt 50 | . 9 2 9 . . . 6 5 19 Brawler 2 | . . . . . . . . 1 1 Duelist 1 | . . . . . . . 1 . . Sentry 19 | . . . 8 . . . 5 2 4 Hunter 3 | . . . . . . . 1 2 . Programmer 1 | . . . . . . . . 1 . Best Kill Streak 11 | . 8 3 8 4 . . 11 5 7 Combat Bots Only 9 | . 3 3 7 4 . . 9 4 5 Max Kills in Single Turn 4 | . 4 1 3 2 . . 2 3 2 Gunslinging 2 | . . . 2 . . . . . . Exploded 3 | . 3 . . . . . 2 2 2 Melee 1 | . . . . . . . 1 . . Uniques/NPCs Destroyed . | . . . . . . . . . . Combat | -11 -10 -10 -9 -9 -9 -8 -8 -7 -7 -------- Run | Jun Mat Min Mat Min Exi Min Mat Fac Sto Damage Taken 7138 | . 810 119 718 106 . . 1025 1914 2446 Core 1007 | . 126 6 102 32 . . 37 248 456 Absorbed by Shields . | . . . . . . . . . . Core Remaining (%) 76 | 100 . 47 . . . 66 93 . . Volleys Fired 313 | . 49 8 65 9 . . 67 34 81 Largest 3 | . 2 2 3 3 . . 3 3 3 Hottest 145 | . 136 46 69 69 . . 91 145 101 Shots Fired 698 | . 71 16 186 28 . . 134 64 199 Gun 640 | . 54 16 183 28 . . 106 62 191 Cannon 8 | . 8 . . . . . . . . Launcher 34 | . 9 . 3 . . . 16 1 5 Special 16 | . . . . . . . 12 1 3 Kinetic 545 | . 22 16 183 28 . . 99 24 173 Thermal 27 | . 8 . . . . . 12 4 3 Explosive 34 | . 9 . 3 . . . 16 1 5 Electromagnetic 89 | . 32 . . . . . 7 35 15 Robot Hit Streak 25 | . 12 3 13 2 . . 15 17 25 Robot Miss Streak 9 | . 3 2 6 5 . . 5 9 5 Penetration Max . | . . . . . . . . . . Secondary Targets 13 | . 1 . 6 1 . . . . 5 Max Gunslinging Chain 2 | . 1 . 2 1 . . . . 1 Shots Hit Robots 489 | . 48 8 113 9 . . 90 58 163 Core Hits 305 | . 38 6 54 8 . . 62 60 77 Critical Kills . | . . . . . . . . . . Critical Parts Destroyed 1 | . . . . . . . . . 1 Critical Strikes 3 | . . . . . . . 2 . 1 Destroy 1 | . . . . . . . . . 1 Sever 2 | . . . . . . . 2 . . Melee Attacks 19 | . . . . . . . 13 6 . Impact 2 | . . . . . . . . 2 . Slashing 17 | . . . . . . . 13 4 . Piercing . | . . . . . . . . . . Sneak Attacks 3 | . . . . . . . 3 . . Combat Hostiles . | . . . . . . . . . . Follow-up Attacks . | . . . . . . . . . . Damage Inflicted 11987 | . 1326 142 1832 158 . . 3527 1666 3336 Guns 7023 | . 541 142 1789 154 . . 1068 891 2438 Cannons 82 | . 82 . . . . . . . . Explosions 3720 | . 697 . 9 . . . 1515 626 873 Melee 979 | . . . . . . . 831 148 . Ramming 101 | . 6 . 34 4 . . 31 1 25 Kinetic 5772 | . 146 142 1789 154 . . 959 328 2254 Thermal 647 | . 82 . . . . . 126 372 67 Explosive 3391 | . 697 . 9 . . . 1471 341 873 Electromagnetic 1097 | . 395 . . . . . 109 476 117 Impact . | . . . . . . . . . . Slashing 979 | . . . . . . . 831 148 . Piercing . | . . . . . . . . . . Highest Corruption 6 | . . . 1 1 1 1 . 2 6 Average Corruption 1 | . . . 1 1 1 1 . 2 2 Corruption Purged . | . . . . . . . . . . Corruption Blocked . | . . . . . . . . . . Effects 47 | . . . 8 6 2 . . 17 14 Message Errors 14 | . . . 3 . 1 . . 8 2 Matter Fused 8 | . . . 2 1 . . . 3 2 Heat Flow Errors 4 | . . . . 1 . . . 1 2 Energy Discharges 9 | . . . 1 3 1 . . 1 3 Parts Rejected 1 | . . . . . . . . 1 . Data Loss (minor) 6 | . . . 1 . . . . 3 2 Data Loss (major) 2 | . . . 1 . . . . . 1 Misfires 2 | . . . . 1 . . . . 1 Weapon Failures 1 | . . . . . . . . . 1 Overload Shots . | . . . . . . . . . . Overflow Damage 328 | . 11 . . . . . 228 50 39 Projectiles 10 | . . . . . . . 10 . . Explosions 102 | . 11 . . . . . 7 50 34 Melee 216 | . . . . . . . 211 . 5 Knockbacks . | . . . . . . . . . . Impact . | . . . . . . . . . . Kinetic . | . . . . . . . . . . Secondary . | . . . . . . . . . . Self-Inflicted Damage 679 | . 22 . . . . . 29 393 235 Shots 16 | . 2 . . . . . 1 6 7 Rammed 8 | . . . 3 2 . . 1 1 1 Targets Rammed 13 | . 2 . 4 2 . . 3 1 1 Kicked 2 | . 2 . . . . . . . . Crushed 3 | . . . 1 . . . 2 . . Highest Temperature 341 | . 341 2 76 231 . . 101 165 243 Average Temperature 59 | . 129 2 23 51 . . 25 46 46 Received Heat Transfer 2520 | . 420 27 312 . . . 387 522 852 Siege Activations . | . . . . . . . . . . Robots Corrupted 1 | . . . . . . . . 1 . Combat Hostiles 1 | . . . . . . . . 1 . Parts Fried 1 | . . . . . . . . 1 . Impact Corruptions 1 | . . . . . . . . . 1 Robots Melted . | . . . . . . . . . . Combat Hostiles . | . . . . . . . . . . Parts Melted 1 | . . . . . . . 1 . . Heat Transferred 1118 | . 148 . . . . . 359 500 111 Parts Sabotaged . | . . . . . . . . . . Parts Stolen . | . . . . . . . . . . Parts Stripped . | . . . . . . . . . . Power Chain Reactions 4 | . . . . . . . 1 3 . Missiles Intercepted . | . . . . . . . . . . Alert | -11 -10 -10 -9 -9 -9 -8 -8 -7 -7 ------- Run | Jun Mat Min Mat Min Exi Min Mat Fac Sto Peak Influence 573 | . 344 249 452 255 . . 321 248 573 Initial 165 | . . 114 18 165 . . . 88 89 Average 201 | . 224 155 266 190 . . 153 102 398 Maximum Alert Level 2 | . 1 1 2 1 . . 1 1 2 Low Security (%) 57 | . 38 65 28 49 . 100 76 98 16 Level 1 32 | . 61 34 53 50 . . 23 1 22 Level 2 9 | . . . 18 . . . . . 60 Level 3 . | . . . . . . . . . . Level 4 . | . . . . . . . . . . Level 5 . | . . . . . . . . . . High Security . | . . . . . . . . . . Max Security . | . . . . . . . . . . Squads Dispatched 19 | . 4 . 4 . . . 1 3 7 Investigation 5 | . 3 . 2 . . . . . . Extermination 2 | . . . . . . . . 1 1 Reinforcement 11 | . 1 . 2 . . . . 2 6 Assault . | . . . . . . . . . . Garrison 1 | . . . . . . . 1 . . Intercept . | . . . . . . . . . . Searches Triggered . | . . . . . . . . . . Construction Impeded 2 | . . . . . . . . 1 1 Haulers Reinforced 2 | . . . . . . . . . 2 Active Scanning Responses . | . . . . . . . . . . Cargo Convoy Interrupts . | . . . . . . . . . . Stealth | -11 -10 -10 -9 -9 -9 -8 -8 -7 -7 --------- Run | Jun Mat Min Mat Min Exi Min Mat Fac Sto Distress Signals 11 | . 1 . 2 . . . 5 . 3 Communications Jammed . | . . . . . . . . . . Distress Signals . | . . . . . . . . . . Times Spotted 169 | . 29 5 37 7 . . 35 16 40 Peak Tracking Total 9 | . 5 3 6 4 . . 9 4 6 Tactical Retreats 11 | . 2 . 2 . . . 3 . 4 Traps | -11 -10 -10 -9 -9 -9 -8 -8 -7 -7 ------- Run | Jun Mat Min Mat Min Exi Min Mat Fac Sto Traps Triggered 9 | . 2 . 2 . . . . 3 2 Indirectly . | . . . . . . . . . . Trap Hack Attempts . | . . . . . . . . . . Triggered . | . . . . . . . . . . Disarmed . | . . . . . . . . . . Reprogrammed . | . . . . . . . . . . Reused 3 | . . . . . . . . 2 1 Traps Reconfigurated 9 | . . . . . . . 1 7 1 Traps Extracted 4 | . . . . . . . . 4 . Installed 2 | . . . . . . . . 2 . Triggered 3 | . . . . . . . . 2 1 Most Traps Carried 7 | . . 4 4 4 4 4 4 7 5 Machines | -11 -10 -10 -9 -9 -9 -8 -8 -7 -7 ---------- Run | Jun Mat Min Mat Min Exi Min Mat Fac Sto Machines Disabled 14 | . 1 . 5 . . . 2 4 2 Max in Single Turn 2 | . 1 . 1 . . . 1 2 1 Garrison Access 1 | . . . . . . . . 1 . Machines Repaired . | . . . . . . . . . . Machines Sabotaged . | . . . . . . . . . . Overloaded Fab Kills . | . . . . . . . . . . Hacking | -11 -10 -10 -9 -9 -9 -8 -8 -7 -7 --------- Run | Jun Mat Min Mat Min Exi Min Mat Fac Sto Machines Accessed 25 | . 3 . 8 . 1 . 5 5 3 Terminals 20 | . 2 . 8 . . . 4 3 3 Fabricators . | . . . . . . . . . . Repair Stations . | . . . . . . . . . . Recycling Units 2 | . 1 . . . . . . 1 . Scanalyzers . | . . . . . . . . . . Garrison Access 2 | . . . . . . . 1 1 . Total Hacks 63 | . 10 . 25 . 1 . 7 16 4 Successful 28 | . 6 . 10 . 1 . 2 7 2 Failed 34 | . 4 . 14 . . . 5 9 2 Catastrophic 5 | . . . 1 . . . 1 2 1 Database Lockouts 1 | . . . 1 . . . . . . Manual 42 | . 8 . 17 . 1 . 5 10 1 Terminals 57 | . 8 . 25 . . . 6 14 4 Fabricators . | . . . . . . . . . . Repair Stations . | . . . . . . . . . . Recycling Units 3 | . 2 . . . . . . 1 . Scanalyzers . | . . . . . . . . . . Garrison Access 2 | . . . . . . . 1 1 . Terminal Hacks 19 | . 4 . 8 . 1 . 1 3 2 Part Schematic 2 | . 1 . . . . . . . 1 Robot Schematic 1 | . 1 . . . . . . . . Robot Analysis 3 | . 2 . 1 . . . . . . Open Door 1 | . . . . . . . . . 1 Branch Access Points 3 | . . . 1 . . . 1 1 . Terminal Index 2 | . . . 1 . . . . 1 . Unreport Threat 1 | . . . 1 . . . . . . Hauler Manifests 1 | . . . 1 . . . . . . Zone Layout 4 | . . . 3 . . . . 1 . EX-Prototype ID Bank 1 | . . . . . 1 . . . . Fabricator Hacks . | . . . . . . . . . . Repair Station Hacks . | . . . . . . . . . . Recycling Unit Hacks 2 | . 1 . . . . . . 1 . Retrieve Components 2 | . 1 . . . . . . 1 . Scanalyzer . | . . . . . . . . . . Garrison Access Hacks 2 | . . . . . . . 1 1 . Unlock Access 1 | . . . . . . . 1 . . Seal Access 1 | . . . . . . . . 1 . Unauthorized Hacks 5 | . 1 . 2 . . . . 2 . Terminals 4 | . . . 2 . . . . 2 . Botnet 2 | . . . 1 . . . . 1 . Operators 2 | . . . 1 . . . . 1 . Fabricators . | . . . . . . . . . . Repair Stations . | . . . . . . . . . . Recycling Units 1 | . 1 . . . . . . . . Tunnel 1 | . 1 . . . . . . . . Scanalyzers . | . . . . . . . . . . Garrison Access . | . . . . . . . . . . Data Cores Recovered . | . . . . . . . . . . Used . | . . . . . . . . . . Hacking Detections 19 | . 2 . 8 . . . 3 3 3 Full Trace Events 1 | . . . 1 . . . . . . Feedback Events 1 | . . . 1 . . . . . . Corruption 1 | . . . 1 . . . . . . Feedback Blocked . | . . . . . . . . . . Robot Schematics Acquired 1 | . 1 . . . . . . . . Robots Built . | . . . . . . . . . . Authchips . | . . . . . . . . . . Time . | . . . . . . . . . . Total Robot Build Rating . | . . . . . . . . . . Part Schematics Acquired 2 | . 1 . . . . . . . 1 Parts Built . | . . . . . . . . . . Authchips . | . . . . . . . . . . Time . | . . . . . . . . . . Total Part Build Rating . | . . . . . . . . . . Parts Repaired . | . . . . . . . . . . Time . | . . . . . . . . . . Parts Recycled . | . . . . . . . . . . Recycled Matter . | . . . . . . . . . . Retrieved Matter . | . . . . . . . . . . Retrieved Components 9 | . 1 . . . . . . 8 . Parts Scanalyzed . | . . . . . . . . . . Part Schematics Acquired . | . . . . . . . . . . Parts Damaged . | . . . . . . . . . . Bothacking | -11 -10 -10 -9 -9 -9 -8 -8 -7 -7 ------------ Run | Jun Mat Min Mat Min Exi Min Mat Fac Sto Used RIF Installer . | . . . . . . . . . . Robots Hacked . | . . . . . . . . . . Non-combat . | . . . . . . . . . . Combat . | . . . . . . . . . . Robot Hacks Applied . | . . . . . . . . . . Relay Couplers Released . | . . . . . . . . . . Fabnet Peak Effective % . | . . . . . . . . . . Robots Rewired . | . . . . . . . . . . Allies Hacked . | . . . . . . . . . . Hacks Repelled . | . . . . . . . . . . Allies | -11 -10 -10 -9 -9 -9 -8 -8 -7 -7 -------- Run | Jun Mat Min Mat Min Exi Min Mat Fac Sto Total Allies 3 | . . . . . . . . . 3 Largest Group 2 | . . . . . . . . . 2 Highest-Rated Group 64 | . . . . . . . . . 64 Highest-Rated Ally 37 | . . . . . . . . . 37 Total Orders . | . . . . . . . . . . Ally Attacks 11 | . . . . . . . . . 11 Total Damage 488 | . . . . . . . . . 488 Kills 6 | . . . . . . . . . 6 Allies Corrupted . | . . . . . . . . . . Allies Melted . | . . . . . . . . . . Field Lobotomies 3 | . . . . . . . . . 3 Intel | -11 -10 -10 -9 -9 -9 -8 -8 -7 -7 ------- Run | Jun Mat Min Mat Min Exi Min Mat Fac Sto Robot Analysis Total 3 | . 2 . 1 . . . . . . Derelict Logs Recovered 2 | . . 1 . 1 . . . . . Drone Launches . | . . . . . . . . . . Drone Recoveries . | . . . . . . . . . . Exploration | -11 -10 -10 -9 -9 -9 -8 -8 -7 -7 ------------- Run | Jun Mat Min Mat Min Exi Min Mat Fac Sto Turns Passed 9178 | . 1194 664 1389 671 544 120 2251 1393 952 Spaces Moved 3621 | 1 422 264 663 401 226 51 811 515 267 Core . | . . . . . . . . . . Treads 2977 | . 140 264 663 401 226 51 811 324 97 Legs 314 | 1 282 . . . . . . . 31 Wheels 72 | . . . . . . . . . 72 Hover . | . . . . . . . . . . Flight 258 | . . . . . . . . 191 67 Fastest Speed 50 | 120 120 240 160 160 160 240 235 50 135 Average Speed 211 | 120 236 240 170 160 233 240 237 210 223 Slowest Speed 680 | 120 470 240 240 160 240 240 240 270 680 Overloaded Moves . | . . . . . . . . . . Propulsion Burnouts . | . . . . . . . . . . Robots Hopped . | . . . . . . . . . . Cave-ins Triggered . | . . . . . . . . . . Exploration Rate (%) 51 | 2 76 70 73 65 60 20 71 12 62 Regions Visited 9 Branch Regions 5 Pre-discovered Areas 1 | . 1 . . . . . . . . Known Exits Taken 2 | . . . 1 . . . . 1 . Unknown Exits Taken 7 | 1 1 1 . 1 1 1 1 . . Scrap Searched 2 | . . 1 . 1 . . . . . Spaces Dug 58 | . 7 . 34 . . . 5 1 11 Terrain Destroyed 260 | . 39 . 34 . . . 104 30 53 Melee 1 | . . . . . . . . 1 . Projectile . | . . . . . . . . . . AOE 259 | . 39 . 34 . . . 104 29 53 Terrain Rammed . | . . . . . . . . . . Walls Destroyed . | . . . . . . . . . . Machines Disabled . | . . . . . . . . . . Actions | -11 -10 -10 -9 -9 -9 -8 -8 -7 -7 --------- Run | Jun Mat Min Mat Min Exi Min Mat Fac Sto Total 4555 | . 543 286 821 412 244 50 1000 747 452 Wait 291 | . 28 1 31 . . . 64 112 55 Move 3612 | . 421 263 662 400 225 50 810 514 267 Hop . | . . . . . . . . . . Pick Up 79 | . 16 6 14 . 5 . 8 24 6 Fast Attach 39 | . 8 . 6 . 1 . 1 12 11 Attach 42 | . 1 . 2 . . . 7 18 14 Detach 15 | . 3 . 1 . 2 . . 7 2 Swap 56 | . 8 1 10 1 4 . 14 10 8 Drop 74 | . 7 7 26 . 7 . 13 7 7 Fire 313 | . 49 8 65 9 . . 67 34 81 Melee 19 | . . . . . . . 13 6 . Ram . | . . . . . . . . . . Kick 2 | . 2 . . . . . . . . Crush 11 | . . . 4 2 . . 3 1 1 Escape Stasis . | . . . . . . . . . . Rewire . | . . . . . . . . . . Trap 2 | . . . . . . . . 2 . Miscellaneous . | . . . . . . . . . . Route ------- -11/Junkyard -10/Materials (discovered 3 exits: *Mat / [*Min x2]) -10/Mines (discovered 2 exits: *Mat x2) -9/Materials (discovered 3 exits: *Mat x2 / *Min) -9/Mines (discovered 2 exits: *Mat / *Exi) -9/Exiles (discovered 2 exits: [*Min x2]) -8/Mines -8/Materials (discovered 2 exits: *Fac / Gar) -7/Factory (discovered 5 exits: *Fac / *Sto x2 / Low x2) -7/Storage (discovered 1 exit: *Fac) History --------- Turn | Location | Event 1 | -11/Junkyard | Discovered new exit (range 0) 1 | -11/Junkyard | Entered Materials 165 | -10/Materials | Discovered new exit (range 14) 317 | -10/Materials | Build established: Mutant 665 | -10/Materials | Core integrity fell below 50% 715 | -10/Materials | Lost 3 parts (1p1n1w) 890 | -10/Materials | Discovered new exit (range 13) 1003 | -10/Materials | Discovered new exit (range 15) 1195 | -10/Materials | Entered Mines 1236 | -10/Mines | Assembled infested the area 1392 | -10/Mines | Discovered new exit (range 4) 1435 | -10/Mines | Found a hidden stash of uninstalled traps 1499 | -10/Mines | Learned Materials terminal intel 1820 | -10/Mines | Discovered new exit (range 9) 1859 | -10/Mines | Entered Materials 1859 | -9/Materials | Evolved 2 slots: Propulsion x1, Weapon x1 1860 | -9/Materials | Loaded intel: 12 terminal locations 2387 | -9/Materials | Identified exit to Mines 2424 | -9/Materials | Destroyed 7 combat bots 2450 | -9/Materials | Build established: Gunner 2499 | -9/Materials | Discovered new exit (range 11) 2721 | -9/Materials | Discovered new exit (range 3) 2915 | -9/Materials | Central database locked down 3248 | -9/Materials | Entered Mines 3269 | -9/Mines | Learned Materials terminal intel 3746 | -9/Mines | Discovered new exit (range 5) 3826 | -9/Mines | Deemed a non-threat by the Exiles lab entrance 3826 | -9/Mines | Discovered new exit (range 5) 3919 | -9/Mines | Entered Exiles 3943 | -9/Exiles | Discovered new exit (range 15) 3987 | -9/Exiles | Met 8R-AWN 4028 | -9/Exiles | Met EX-HEX 4105 | -9/Exiles | Met EX-BIN 4131 | -9/Exiles | Aligned with FarCom system 4134 | -9/Exiles | Given EX-Vault access code 4189 | -9/Exiles | Opened EX-Vault 4210 | -9/Exiles | Found Field Lobotomy Kit 4213 | -9/Exiles | Found Trap Reconfigurator 4236 | -9/Exiles | Found Flying Fortress v7 4254 | -9/Exiles | Build established: Mutant 4292 | -9/Exiles | Warned to stay clear of 0b10 Research branches 4296 | -9/Exiles | Exiles lab attacked by MAIN.C 4444 | -9/Exiles | Discovered new exit (range 10) 4463 | -9/Exiles | Stole three prototypes: Field Lobotomy Kit, Flying Fortress v7, Trap Reconfigurator 4463 | -9/Exiles | Entered Mines 4490 | -8/Mines | Discovered new exit (range 12) 4583 | -8/Mines | Entered Materials 4583 | -8/Materials | Evolved 2 slots: Utility x2 4584 | -8/Materials | Loaded intel: 12 terminal locations 4878 | -8/Materials | Destroyed 9 combat bots 5448 | -8/Materials | Build established: Skirmisher 5558 | -8/Materials | Identified exit to Garrison 6046 | -8/Materials | Garrison activated, responded to threat 6182 | -8/Materials | Build established: Mutant 6726 | -8/Materials | Build established: Skirmisher 6794 | -8/Materials | Discovered new exit (range 16) 6834 | -8/Materials | Entered Factory 6834 | -7/Factory | Evolved 2 slots: Propulsion x2 6836 | -7/Factory | FarCom data flow suspended 7010 | -7/Factory | Identified exit to Storage 7010 | -7/Factory | Identified exit to Lower Caves 7160 | -7/Factory | Build established: Scavenger-Mutant 7768 | -7/Factory | Discovered new exit (range 6) 7769 | -7/Factory | Lost 10 parts (1p4n1u4w) 7776 | -7/Factory | Identified exit to Factory 7855 | -7/Factory | Lost 3 parts (3w) 8227 | -7/Factory | Entered Storage 8502 | -7/Storage | Core integrity fell below 50% 8647 | -7/Storage | Lost 3 parts (1n2w) 8776 | -7/Storage | Discovered exit to Factory (range 13) 8888 | -7/Storage | Core integrity fell below 20% 8943 | -7/Storage | Lost 10 parts (4n1u5w) 8987 | -7/Storage | Assimilated P-60 Hacker with FLK Orb 9032 | -7/Storage | Assimilated Y-54 Guardian with FLK Orb 9049 | -7/Storage | Assimilated Y-54 Guardian with FLK Orb 9179 | -7/Storage | Destroyed by Y-54 Guardian with Flak Gun Last Messages --------------- 09052_ Guardian 4b suffers critical hit (Burn). 09060_ Integrated Corrupted Lgt. Treads (+2). 09062_ HP5AQIM0GZ%6OT= :JV0OFM2VDDEY 09083_ Acquired 23 matter. 09086_ Identified Hpw. Field Laser. 09093_ System corrupted: Imp. Assault Rifle jammed. 09093_ Guardian 4b destroyed. 09094_ Acquired 54 matter. 09099_ Acquired Lgt. Treads. 09103_ Acquired Imp. Light Armor Plating. 09106_ K-01 Serf collects debris. 09110_ Acquired 21 matter. 09110_ K-01 Serf collects debris. 09133_ System corrupted: Matter fused (-6). 09133_ K-01 Serf collects debris. 09138_ Triggered Shock Trap. 09138_ The floor emits a surge of raw power. 09138_ System corrupted (+2). 09141_ >> Machine Analyzer network decryption results: 09141_ Terminal x1 Map ----- +----------------------------------------------------+ | ?????????????????????????????????????????????##### | | ???????????????????????????????????????????????### | | ?????????????????????????????????????????????????? | | ?????????????????????????????????????????????????? | | ?????????????????????????????????????????????????? | | ?????????????????????????????????????????????????? | | ?????????????????????????????????????????????????? | | ???????????????????????????????#+########????????? | | ???????????????????????????????# #????????? | | ?????????"""???????????????????? #????????? | | ?????????"T"???????????????????? #????????? | | ?????????"?"????????????????????? ?????????? | | ????????????????????????????????? ?????????? | | ?????????????????????????????????? ??????????? | | ?????????????????????????????????? ??????????? | | ???????????????????????????# ?????? ???????????? | | ???????????????????????????# ????? ???????????? | | ???????????????????????????# #####+############# | | ???????????????????????????# *%% | | ???????????????????????????# =%!! | | ???????????????????????????# !!|!% | | ???????????????????????????#########/#########+### | | ??????????????????#????????????# ## = [* | | ?????????????###### ######????# ## | | ??????????Y w a ###### """ """ ## """" | | ?????????? @ + """ """ ## """" | | ?????????????????#k############# """ """ ## """" | | ???????????????????????????????# """ """ ## """" | | ???????????????????????????????# """ """ ## | | ???????????????????????????????# ?# | | ???????????????????????????????##""T""#???# | | ?????????????????????????????????"""""#???# ##?### | | ?????????????????????????????????#?###????##?????? | | ?????????????????????????????????????????????????? | | ?????????????????????????????????????????????????? | | ?????????????????????????????????????????????????? | | ?????????????????????????????????????????????????? | | ?????????????????????????????????????????????????? | | ?????????????????????????????????????????????????? | | ?????????????????????????????????????????????????? | | ?????????????????????????????????????????????????? | | | | | | | | | | | | | | | | | | | +----------------------------------------------------+ Best States ------------- Heat Dissipation 48 Energy Generation 15 Energy Capacity 280 Matter Stores 300 Matter Capacity 300 Sight Range 16 Terrain Scan Density 10 Armor Coverage 225 Evasion (%) 60 Targeting Accuracy 5 Recoil Reduction 4 Offensive Hacking 10 Trap Extractor Capacity 6 Item Schematics ----------------- Huge Storage Unit | -10/Materials | Hacked Enh. Gauss Cannon | -7/Storage | Hacked Robot Schematics ------------------ M-13 Machinist | -10/Materials | Hacked Fabricated ------------ Nothing Alien Tech Used ----------------- None Achievements -------------- None Challenges ------------ None Game ------ Seed AdvancedCouplerRecalibrator Manual? 0 Play Time 01:05:08 Cumulative 376.4 hours Start 2023.04.03 @ 10:46:21 End 2023.04.03 @ 12:01:55 Sessions 1 Manual Loads 0 Difficulty Rogue Special Mode None Game No. 416 Rogue 416 Adventurer 0 Explorer 0 Win Type - Total 12 Types 8/0/3/1/0/0/0/0/0 Lore% 81 Gallery% 89 Achievement% 79 Wizard Run 0 Options --------- ASCII 0 Keyboard 0 Movement Numpad Keybinds 0 Fullscreen 1 Font 18/Terminus Map View 76x50 Tactical HUD 1 Map Filters NONE Filters NONE Steam 1 RUN: 05b1cf6d-a462-4a97-b3f1-2814c2e30d10